 Dungeon Crawl Stone Soup version 0.29-a0-690-g32ab5fea29 (webtiles) character file.

Game seed: 11342841065196389493

7002 KristoblXynda the Fighter (level 10, 0/141 HPs)
             Began as a Red Draconian Monk on June 25, 2022.
             Was an Initiate of Gozag.
             Succumbed to a +1 dire flail of chaos's poison
             ... on level 9 of the Dungeon.
             The game lasted 00:10:51 (10818 turns).

KristoblXynda the Fighter (Red Draconian Monk)     Turns: 10818, Time: 00:10:51

Health: 0/141      AC: 12    Str: 18    XL:     10   Next: 82%
Magic:  0/10       EV: 16    Int: 14    God:    Gozag
Gold:   1488       SH:  8    Dex: 16    Spells: 7/9 levels left

rFire   + . .      SeeInvis +     - Unarmed
rCold   . . .      Faith    .   C - +3 buckler of Orefan {Str+4}
rNeg    . . .      Spirit   +   (body armour unavailable)
rPois   .          Reflect  .   (helmet restricted)
rElec   +          Harm     .   b - +0 cloak
rCorr   .          Rampage  .   (no gloves)
Will    .....                   (no boots)
Stlth   ..........              B - amulet of guardian spirit
HPRegen 0.33/turn               g - ring of Linegaemm {rElec AC+4 Int+2}
MPRegen 0.12/turn               E - ring of see invisible

@: berserking (expiring), lethally poisoned (0 -> -26), short of breath, very
quick
A: breathe fire, AC +7, unfitting armour, fire resistance 1, cold-blooded
a: Breathe Fire, Renounce Religion, Potion Petition, Call Merchant, Bribe Branch


You were on level 9 of the Dungeon.
You worshipped Gozag.
Gozag was most pleased with you.
You visited 2 branches of the dungeon, and saw 10 of its levels.

You collected 1600 gold pieces.
You spent 112 gold pieces at shops.

Inventory:

Armour
 b - a +0 cloak (worn)
 C - the +3 buckler of Orefan (worn) {Str+4}
   (You acquired it on level 6 of the Dungeon)

   Str:       It affects your strength (+4).
Jewellery
 g - the ring of Linegaemm (left hand) {rElec AC+4 Int+2}
   (You acquired it on level 9 of the Dungeon)

   [ring of protection]

   AC:        It affects your AC (+4).
   Int:       It affects your intelligence (+2).
   rElec:     It insulates you from electricity.
 y - a ring of wizardry
 A - a ring of protection from fire
 B - an amulet of guardian spirit (around neck)
 E - a ring of see invisible (right hand)
 J - a ring of fire
Wands
 u - a wand of iceblast (14)
 I - a wand of light (12)
Scrolls
 c - a scroll of summoning {unknown}
 d - 3 scrolls of magic mapping
 e - 2 scrolls of brand weapon
 h - 3 scrolls of immolation
 j - a scroll of noise {unknown}
 k - a scroll of fog {unknown}
 o - 2 scrolls of amnesia {unknown}
 p - a scroll of vulnerability {unknown}
 q - 2 scrolls of teleportation
 x - a scroll of fear {unknown}
 z - 3 scrolls of enchant weapon
 F - 2 scrolls of blinking
Potions
 a - 2 potions of might
 f - a potion of invisibility
 i - 4 potions of mutation
 l - 2 potions of heal wounds
 m - 2 potions of brilliance
 n - a potion of lignification {unknown}
 r - a potion of magic
 s - 3 potions of flight {unknown}
 t - a potion of resistance {unknown}
 v - 3 potions of cancellation
 w - 2 potions of ambrosia
 G - 2 potions of attraction {unknown}
 H - a potion of haste {unknown}


   Skills:
 + Level 10.3 Fighting
 + Level 8.7 Dodging
 - Level 1.7 Stealth
 - Level 5.0 Shields
 + Level 9.5 Unarmed Combat
 + Level 3.2 Evocations


You had 7 spell levels left.
You knew the following spells:

 Your Spells              Type           Power      Damage    Failure   Level
a - Wereblood             Tmut           0%         N/A       50%         2

Your spell library contained the following spells:

 Spells                   Type           Power      Damage    Failure   Level
 Sublimation of Blood     Necr           0%         N/A       50%         2
 Conjure Flame            Conj/Fire      0%         6-21      73%         3
 Ignite Poison            Fire/Tmut/Pois 0%         N/A       73%         3
 Tukima's Dance           Hex            0%         N/A       73%         3
 Leda's Liquefaction      Hex/Erth       0%         N/A       98%         4
 Passage of Golubria      Tloc           0%         N/A       98%         4
 Petrify                  Tmut/Erth      0%         N/A       98%         4
 Sticky Flame             Conj/Fire      0%         2d3       98%         4
 Irradiate                Conj/Tmut      0%         3d13      100%        5
 Lee's Rapid Deconstruct  Erth           0%         3d5*      100%        5
 Yara's Violent Unravell  Hex/Tmut       0%         3d3       100%        5
 Statue Form              Tmut/Erth      0%         N/A       100%        6
 Haunt                    Necr/Summ      0%         N/A       100%        7
 Summon Hydra             Summ           0%         N/A       100%        7
 Infestation              Necr           0%         N/A       100%        8
 Animate Dead             Necr           Unusable   N/A       N/A         4

Dungeon Overview and Level Annotations

Branches:
Dungeon (9/15)             Temple (1/1) D:4            Lair (0/6) D:8
    Orc: D:9-12

Altars:
Ashenzari
Cheibriados
Dithmenos
Elyvilon
Fedhas
Gozag
Hepliaklqana
Kikubaaqudgha
Makhleb
Nemelex Xobeh
Okawaru
Qazlal
Ru
Sif Muna
Trog
Uskayaw
Wu Jian
Xom
Yredelemnul
Zin

Shops:
D:1 (   D:4 !

Annotations:
D:9 PentaManta's ghost, novice SpHu


Innate Abilities, Weirdness & Mutations

You can breathe blasts of fire.
Your fiery red scales are hard. (AC +7)
You cannot fit into any form of body armour.
Your flesh is heat resistant. (rF+)
You are cold-blooded and may be slowed by cold attacks.


Message History

You miss the +1 dire flail of chaos.
You feel sick. The +1 dire flail of chaos misses you.
You barely miss the +1 dire flail of chaos.
You feel sick. The +1 dire flail of chaos hits you!!
You pummel the +1 dire flail of chaos!!
Your tail-slap misses the +1 dire flail of chaos.
The +1 dire flail of chaos is severely damaged.
You feel sick.
The +1 dire flail of chaos is engulfed in blazing flames.
The +1 dire flail of chaos hits you. The +1 dire flail of chaos freezes you.
You miss the +1 dire flail of chaos.
The +1 dire flail of chaos is severely damaged.
You feel sick. PentaManta's ghost hits you. PentaManta's ghost freezes you.
The +1 dire flail of chaos is engulfed in blazing flames.
The +1 dire flail of chaos hits you!
* * * LOW HITPOINT WARNING * * *
You are more poisoned.
You closely miss the +1 dire flail of chaos.
The +1 dire flail of chaos is severely damaged.
You feel very sick.
You barely miss the +1 dire flail of chaos.
The +1 dire flail of chaos is severely damaged.
You feel very sick.
The +1 dire flail of chaos barely misses you.
You block PentaManta's ghost's attack.
You hit the +1 dire flail of chaos.
The +1 dire flail of chaos is almost destroyed.
You feel sick.
The +1 dire flail of chaos is engulfed in blazing flames.
The +1 dire flail of chaos hits you!!
* * * LOW HITPOINT WARNING * * *
You are more poisoned.
The +1 dire flail of chaos attacks as you move away!
The +1 dire flail of chaos barely misses you.
* * * LOW HITPOINT WARNING * * *
You feel very sick.
You feel something passing dangerously close to your head.
You feel a strong urge to attack something.
You die...
Your body crumbles into a pile of gold.

*#.....#####.......#.######
*8...8##......#####.#
#*,,,,,*#......#.....#
#8,,,,,8#......#.#####
*#.^,,,*#.)..<<#....#
#8.,,8*##........#+########
*##_***##............##...#
#######.............##.#(###
*#.........@........##.#....
###########...........####.
#..W(.......#######.
#<.○...#....#....##.
#......#......##.###
##......#.###..##.##.
#..###..#####.....###
##..#W##.......##..###
#...'_.###............


You could see a +1 dire flail of chaos.

Vanquished Creatures
  Joseph (D:7)
  Maurice (D:9)
  Maggie (D:8)
  2 komodo dragons (D:8)
  2 trolls
  2 wyverns (D:8)
  2 basilisks (D:8)
  3 yaks (D:9)
  2 steam dragons
  A golden eye (D:9)
  Grum (D:9)
  A water moccasin (D:7)
  2 orc warriors (D:8)
  2 ice beasts
  2 sky beasts (D:7)
  2 ogres (D:8)
  4 wolves (D:9)
  A centaur (D:9)
  2 phantoms
  2 kobold brigands
  2 bullfrogs
  4 necrophages
  A wyvern zombie (D:5)
  2 scorpions
  4 wights
  7 killer bees
  A howler monkey (D:8)
  A bullfrog zombie (D:5)
  3 hounds
  2 orc priests
  A jelly (D:5)
  A human zombie (D:5)
  A scorpion zombie (D:5)
  2 iguanas
  3 orc wizards
  3 hound zombies (D:5)
  2 mummies (D:5)
  3 gnolls (D:4)
  7 adders
  A shadow imp (D:8)
  A white imp (D:4)
  An ufetubus (D:5)
  3 worms
  2 dart slugs (D:4)
  36 orcs
  5 ball pythons
  6 endoplasms
  3 giant cockroaches
  11 goblins
  5 hobgoblins
  2 jackals (D:4)
  2 quokkas
  5 bats
  3 frilled lizards
  11 kobolds
  7 rats
190 creatures vanquished.

Vanquished Creatures (others)
  A two-headed ogre (D:8)
  A basilisk (D:8)
  A swamp drake (D:8)
3 creatures vanquished.

Grand Total: 193 creatures vanquished

Notes
Turn   | Place    | Note
-------+----------+-------------------------------------------
     0 | D:1      | KristoblXynda the Draconian Monk began the quest for the
                  | Orb.
     0 | D:1      | Reached XP level 1. HP: 19/19 MP: 1/1
   381 | D:1      | Reached XP level 2. HP: 26/26 MP: 2/2
   384 | D:1      | Found Buethun's Antique Weapon Boutique.
   982 | D:2      | Reached XP level 3. HP: 33/33 MP: 3/3
  1195 | D:2      | Reached skill level 4 in Fighting
  1804 | D:3      | Reached XP level 4. HP: 36/40 MP: 4/4
  1971 | D:3      | Found a burning altar of Makhleb.
  2152 | D:3      | Found a sparkling altar of Nemelex Xobeh.
  2908 | D:4      | Found Wenloum's Distillery.
  3006 | D:4      | Reached XP level 5. HP: 43/47 MP: 5/5
  3122 | D:4      | Found a staircase to the Ecumenical Temple.
  3158 | D:4      | Noticed a phantom
  3175 | Temple   | Entered the Ecumenical Temple
  3197 | Temple   | Became a worshipper of Gozag Ym Sagoz the Greedy
  3410 | D:4      | Killed a phantom
  3411 | D:4      | Reached skill level 5 in Fighting
  3411 | D:4      | Reached XP level 6. HP: 39/56 MP: 6/6
  3788 | D:4      | Bought a potion of mutation for 112 gold pieces
  4075 | D:4      | Found a blossoming altar of Fedhas.
  4142 | D:5      | Entered Level 5 of the Dungeon
  4510 | D:5      | Reached skill level 5 in Unarmed Combat
  4621 | D:5      | Found an ancient bone altar of Kikubaaqudgha.
  4653 | D:5      | Your scales start taking on a fiery red colour.
  4653 | D:5      | Reached XP level 7. HP: 59/62 MP: 7/7
  4653 | D:5      | Gained mutation: Your flesh is heat resistant. (rF+) [Red
                  | Draconian growth]
  4999 | D:5      | Reached skill level 6 in Fighting
  4999 | D:5      | Reached skill level 5 in Dodging
  5300 | D:5      | Found a basalt altar of Yredelemnul.
  5559 | D:5      | Noticed a troll
  5566 | D:5      | Killed a troll
  5567 | D:5      | Reached XP level 8. HP: 52/71 MP: 8/8
  5824 | D:5      | Reached skill level 7 in Fighting
  6171 | D:6      | Learned a level 2 spell: Wereblood
  6639 | D:6      | Identified a scroll of acquirement
  6639 | D:6      | Acquired the +3 buckler of Orefan {Str+4}
  6792 | D:7      | Reached skill level 1 in Shields
  7103 | D:7      | Reached skill level 8 in Fighting
  7107 | D:7      | Reached XP level 9. HP: 32/81 MP: 6/9
  7608 | D:7      | Noticed Joseph
  7621 | D:7      | Killed Joseph
  7984 | D:7      | Found a hide-covered altar of Uskayaw.
  8123 | D:8      | Noticed Maggie
  8131 | D:8      | Killed Maggie
  8404 | D:8      | Reached skill level 9 in Fighting
  8488 | D:8      | Noticed a komodo dragon
  8493 | D:8      | Noticed a komodo dragon
  8495 | D:8      | Killed a komodo dragon
  8508 | D:8      | Killed a komodo dragon
  8558 | D:8      | Noticed a two-headed ogre
  8559 | D:8      | Reached XP level 10. HP: 70/91 MP: 7/10
  8578 | D:8      | Killed a two-headed ogre
  8841 | D:8      | Found a staircase to the Lair.
  9309 | D:8      | Reached skill level 5 in Shields
  9395 | D:8      | Reached skill level 1 in Evocations
  9739 | D:9      | Noticed Maurice
  9801 | D:9      | Reached skill level 10 in Fighting
  9804 | D:9      | Killed Maurice
 10031 | D:9      | Found a runed translucent door.
 10035 | D:9      | Found a shimmering altar of Xom.
 10035 | D:9      | Noticed PentaManta's ghost (novice SpHu)
 10037 | D:9      | Noticed a +1 dire flail of chaos
 10206 | D:9      | Noticed Grum
 10231 | D:9      | Killed Grum
 10783 | D:9      | Found an iron altar of Okawaru.
 10798 | D:9      | Acquired the ring of Linegaemm {rElec AC+4 Int+2}
 10817 | D:9      | HP: 4/141 [poisoned by a +1 dire flail of chaos]
 10818 | D:9      | Succumbed to a +1 dire flail of chaos's poison

Illustrated notes

Levels and vault maps discovered:
D:1:      co_arrival_square_in_a_square_in_a_square, layout_loops_corners,
          serial_shops, nicolae_diamond_shop
D:2:      layout_basic
D:3:      layout_loops_ring, lemuel_crystal_altar, bloody_makhleb,
          bh_walls_and_bars
D:4:      layout_gridville, kennysheep_mini_moat, minmay_temple_entry_trees,
          serial_shops, nicolae_inconvenience_store
D:5:      layout_loops_ring, lemuel_mausoleum_altar_yredelemnul,
          amcnicky_altar_gilded
D:6:      layout_rooms
D:7:      nicolae_cairo_tiling, layout_loops_cross,
          mainiacjoe_overflow_concentric_impassable, uniq_joseph
D:8:      layout_loops_ring, erik_lair_dragon, special_room [special_room_orc],
          uniq_maggie
D:9:      layout_basic, nicolae_overflow_hidden_temple, ebering_ghost_xom,
          st_stairs_7, uniq_maurice, uniq_grum
Temple:   cyrus_circular_temple

Skill      XL: |  1  2  3  4  5  6  7  8  9 10 |
---------------+-------------------------------+-----
Dodging        | 3 4 5 6 7 8 |  8.7
Fighting       | 4 5 6 8 9 10 | 10.3
Unarmed Combat | 4 5 6 7 8 9 |  9.5
Shields        | 2 4 5 |  5.0
Evocations     | 3 |  3.2
Stealth        | |  1.7

Action                   |  1- 3 |  4- 6 |  7- 9 | 10-12 || total
-------------------------+-------+-------+-------+-------++-------
Melee: Unarmed           |   142 |   247 |   326 |   132 ||   847
       Tailslap          |    19 |    35 |    51 |    19 ||   124
       Punch             |     4 |     5 |     7 |       ||    16
 Abil: Breathe Fire      |       |       |    11 |     6 ||    17
Evoke: Wand              |       |       |       |     1 ||     1
  Use: Potion            |     1 |     1 |       |     4 ||     6
       Scroll            |       |     9 |     3 |     6 ||    18
 Stab: Sleeping          |     5 |     4 |     9 |     2 ||    20
       Invisible         |       |       |       |    11 ||    11
Armor: Skin              |    52 |    64 |    69 |    22 ||   207
Dodge: Dodged            |    97 |   147 |   166 |   103 ||   513
Block: Buckler           |       |       |    59 |    59 ||   118

Table legend: (Time is in decaauts)
 A = Elapsed time spent in this place.
 B = Non-inter-level travel time spent in this place.
 C = Inter-level travel time spent in this place.
 D = Time resting spent in this place.
 E = Time spent auto-exploring this place.
 F = Levels seen in this place.
 G = Mean time per level.
                   A        B        C        D        E       F      G
               +--------+--------+--------+--------+--------+-----+--------+
         Total |  10732 |  10582 |    150 |   1664 |   7091 |  10 | 1073.2 |
       Dungeon |  10680 |  10538 |    142 |   1664 |   7065 |   9 | 1186.7 |
        Temple |     51 |     43 |      8 |      0 |     26 |   1 |   51.0 |
               +--------+--------+--------+--------+--------+-----+--------+

Top non-repeatable levels by time:
     D:5: 1713 daAuts
     D:8: 1567 daAuts
     D:7: 1350 daAuts
     D:4: 1233 daAuts
     D:3: 1154 daAuts
     D:9: 1103 daAuts
     D:6: 877 daAuts
     D:2: 848 daAuts
     D:1: 830 daAuts
  Temple: 51 daAuts
